 Dungeon Crawl Stone Soup version 0.30-a0-924-g0ad0bf95bc (webtiles) character file.

Game seed: 18009178276572785886

9430 GloriousHammer the Fighter (level 11, -3/119 HPs)
             Began as an Ogre Cinder Acolyte on Mar 22, 2023.
             Was an Initiate of Ignis.
             Slain by a cyclops (27 damage)
             ... on level 11 of the Dungeon.
             The game lasted 00:25:59 (15396 turns).

GloriousHammer the Fighter (Ogre Cinder Acolyte)   Turns: 15396, Time: 00:25:59

Health: -3/119     AC: 12    Str: 20    XL:     11   Next: 46%
Magic:  15/16      EV: 12    Int: 19    God:    Ignis [......]
Gold:   1574       SH:  0    Dex:  4    Spells: 15/17 levels left

rFire   + + .      SeeInvis .    x - +2 whip (distort)
rCold   . . .      Faith    .    P - orb {light}
rNeg    . . .      Spirit   .    z - +0 fire dragon scales
rPois   .          Reflect  .    (helmet restricted)
rElec   .          Rampage  .    s - +0 cloak
rCorr   .                        (gloves unavailable)
Will    +....                    (boots unavailable) Stlth
                                 H - amulet of magic regeneration
HPRegen 0.39/turn                E - +5 ring of evasion
MPRegen 0.55/turn                C - ring of ice

@: glowing
A: large, unfitting armour, tough skin 1
a: Renounce Religion, Rising Flame


You were on level 11 of the Dungeon.
You worshipped Ignis.
Ignis was noncommittal.
You visited 2 branches of the dungeon, and saw 12 of its levels.
You also visited: Bailey.

You collected 1574 gold pieces.

Inventory:

Hand Weapons
 x - a +2 whip of distortion (weapon)
 A - a +0 giant spiked club
Missiles
 b - 8 atropa-tipped darts
 c - 2 datura-tipped darts
 d - 51 poisoned darts
 k - 7 curare-tipped darts
 y - 43 boomerangs
 M - 3 large rocks (quivered)
 U - 13 throwing nets
Armour
 s - a +0 cloak (worn)
 z - +0 fire dragon scales (worn)
 P - an orb of light (worn)
Jewellery
 a - an amulet of regeneration
 p - a +6 ring of intelligence
 C - a ring of ice (right hand)
 E - a +5 ring of evasion (left hand)
 F - a ring of fire
 H - an amulet of magic regeneration (around neck)
 S - a +6 ring of strength
Wands
 v - a wand of charming (5)
 I - a wand of digging (5)
Scrolls
 e - 2 scrolls of immolation
 f - a scroll of blinking
 i - 2 scrolls of enchant armour {unknown}
 j - a scroll of silence {unknown}
 l - 2 scrolls of fog
 o - 2 scrolls of torment
 r - 2 scrolls of vulnerability
 B - a scroll of brand weapon {unknown}
 G - 2 scrolls of fear {unknown}
 J - a scroll of amnesia {unknown}
 L - 3 scrolls of teleportation
 T - a scroll of poison {unknown}
 V - a scroll of enchant weapon
 W - a scroll of acquirement {unknown}
Potions
 g - 3 potions of heal wounds {unknown}
 h - 3 potions of brilliance {unknown}
 m - a potion of flight {unknown}
 n - 4 potions of haste
 q - 5 potions of might
 t - 8 potions of curing
 u - 3 potions of degeneration {unknown}
 w - 4 potions of magic {unknown}
 D - 5 potions of mutation {unknown}
 K - a potion of invisibility {unknown}
 N - a potion of berserk rage {unknown}
 O - a potion of cancellation {unknown}
 Q - 3 potions of ambrosia


   Skills:
 + Level 10.6 Fighting
 + Level 8.5 Maces & Flails
 + Level 6.9 Throwing
 + Level 6.6 Armour
 - Level 3.5 Spellcasting
 - Level 7.4 Fire Magic


You had 15 spell levels left.
You knew the following spells:

 Your Spells              Type           Power      Damage    Failure   Level
a - Scorch                Fire           62%        2d8       3%          2

Your spell library contained the following spells:

 Spells                   Type           Power      Damage    Failure   Level
 Sublimation of Blood     Necr           3%         N/A       56%         2
 Petrify                  Tmut/Erth      3%         N/A       99%         4
 Freezing Cloud           Conj/Ice/Air   2%         6-21      100%        5
 Irradiate                Conj/Tmut      1%         3d12      100%        5
 Simulacrum               Ice/Necr       2%         N/A       100%        6
 Polar Vortex             Ice            2%         N/A       100%        9


Dungeon Overview and Level Annotations

Branches:
Dungeon (11/15)            Temple (1/1) D:6            Lair (0/5) D:11
    Orc (0/2) D:9          Bailey (visited)

Altars:
Ashenzari
Cheibriados
Dithmenos
Elyvilon
Fedhas
Gozag
Hepliaklqana
Kikubaaqudgha
Makhleb
Nemelex Xobeh
Okawaru
Qazlal
Ru
Sif Muna
Trog
Uskayaw
Vehumet
Wu Jian
Xom
Yredelemnul
Zin
The Shining One


Innate Abilities, Weirdness & Mutations

You are too large for most types of armour.
You have tough skin. (AC +1)


Message History

y - 43 boomerangs (gained 3)
You now have 1559 gold pieces (gained 6).
Things that are here:
a +0 spear; 6 stones; a gnoll corpse
Items here: )) [ ††.
You now have 1574 gold pieces (gained 15).
Items here: )) [ ††.
There is a large open door here.
You pick up a book of Alchemy and begin reading...
You add the spells Sublimation of Blood, Petrify and Irradiate to your library.
There is a large open door here.
Things that are here:
a +0 spear; 6 stones; a gnoll corpse
Items here: )) [ ††.
Things that are here:
a +0 robe; a +0 flail You see here a +0 falchion of flaming.
There is a stone staircase leading down here.
There is a stone staircase leading down here.
There is a stone staircase leading down here.
Done exploring.
Done exploring.
Done exploring.
Done exploring.
Search for what [Enter for "."]? .
(D) Dungeon (T) Temple (O) Orcish Mines
Where to? (Enter - D:10, ? - help)
You see here a +0 halberd.
There is a stone staircase leading down here.
You climb downwards.
You feel a wave of frost pass over you.
There is an entrance to an ice cave on this level.
Hurry and find it before the portal melts!
The cyclops shouts!
There is a stone staircase leading up here.
As you read the scroll of magic mapping, it crumbles to dust.
You feel aware of your surroundings.
You sensed 1 altar, and 1 shop/portal.
A spriggan simulacrum and a two-headed ogre simulacrum come into view.
The shadow barely misses you.
The two-headed ogre simulacrum moves out of view.
You hit the shadow.
The shadow is moderately damaged.
The shadow blinks!
Casting: Scorch (safe; 3% risk of failure)
Confirm with . or Enter, or press ? or * to list all spells.
Flames lash the shadow.
The shadow is heavily damaged.
The shadow's fire resistance burns away.
The shadow slips into darkness.
The shadow flickers and vanishes for a moment.
The cyclops throws a large rock.
The large rock misses you.
Casting: Scorch (safe; 3% risk of failure)
Confirm with . or Enter, or press ? or * to list all spells.
Flames lash the spriggan simulacrum.
The spriggan simulacrum melts!
The spriggan simulacrum is heavily damaged.
The spriggan simulacrum's fire resistance burns away.
Casting: Scorch (safe; 3% risk of failure)
Confirm with . or Enter, or press ? or * to list all spells.
Flames lash the cyclops.
The cyclops is lightly wounded.
The cyclops's fire resistance burns away.
The spriggan simulacrum hits you but does no damage.
Okay, then.
You hit the shadow but do no damage.
Space warps horribly around the shadow!!
You destroy the shadow!
You whack the spriggan simulacrum!
Space warps horribly around the spriggan simulacrum!
The spriggan simulacrum vaporises!
You hit the cyclops but do no damage.
Space warps around the cyclops.
The cyclops is lightly wounded.
You hit the cyclops.
Space warps around the cyclops.
The cyclops is moderately wounded.
You completely miss the cyclops.
The cyclops is moderately wounded.
The cyclops hits you.
You hit the cyclops but do no damage.
Space warps horribly around the cyclops!
The cyclops is heavily wounded.
The cyclops is no longer more vulnerable to fire.
You hit the cyclops.
The cyclops is heavily wounded.
The two-headed ogre simulacrum hits you but does no damage.
The two-headed ogre simulacrum hits you.
The two-headed ogre simulacrum freezes you!!
The cyclops hits you!
You hit the cyclops but do no damage.
The cyclops is heavily wounded.
You hit the cyclops.
Space warps around the cyclops.
The cyclops is severely wounded.
The cyclops hits you!!
The two-headed ogre simulacrum hits you but does no damage.
The two-headed ogre simulacrum hits you.
The two-headed ogre simulacrum freezes you!!
* * * LOW HITPOINT WARNING * * *
You hit the cyclops but do no damage.
Space warps around the cyclops.
The cyclops is severely wounded.
Unknown command.
You hit the two-headed ogre simulacrum but do no damage.
The cyclops hits you!!
You die...

,,*,,*,,*,,,,,,,,,,,,∩,,*********
,,,,,,,,,..............,,,,,,,,,,
,,,,,,,,,.............,,,,,,,,,,,
,,**,,,,*............************
***,,,,,*...........#*
,,,*,,,,,...........#
,,,,,,,,,...........#
,,,,,,*,,.......CZ..####*********
,,,,,,,,,.......@.......,,,,,,,,,
,,,,,,,,,.......<.......,,,,,,,,,
,,******,.##########....,,,,,,,,,
,,,,,,,,,,,,,,,,,,,,,...,,,,,,,,,
,,,,,,,,,,,,,,,,,,,,,,,.,,,,,,,,,
****************,,,**************
*,,,*
****************,,,**************
,,,,,,,,,,,,,,,,,,,,,,,,,,,,,,,,,


You could see a cyclops and a two-headed ogre simulacrum.

Vanquished Creatures
  Erica (D:8)
  A two-headed ogre (D:9)
  An unseen horror (D:10)
  2 hornets
  Sigmund (D:5)
  A shadow (D:11)
  8 yaks
  2 steam dragons
  Edmund (D:6)
  2 water moccasins
  2 black bears
  A sky beast (D:7)
  A hornet zombie (D:7)
  3 ogres
  5 orc warriors
  A wolf (D:10)
  A centaur (D:7)
  7 kobold brigands
  3 bullfrogs
  2 scorpions
  4 necrophages (D:7)
  5 gnoll sergeants (D:10)
  3 wights
  12 killer bees
  3 electric eels (D:10)
  A vampire bat (D:10)
  2 howler monkeys (D:9)
  A lava snake (D:10)
  4 gnoll boudas
  8 hounds
  A jelly (D:5)
  2 orc priests (D:9)
  Crazy Yiuf (D:2)
  3 sleepcaps
  Ijyb (D:3)
  Natasha (thrice) (D:3)
  4 iguanas
  9 orc wizards
  A spriggan simulacrum (D:11)
  A howler monkey zombie (D:7)
  37 gnolls
  12 adders
  2 shadow imps (D:6)
  3 white imps
  2 ufetubi (D:5)
  2 worms
  2 dart slugs
  33 orcs
  6 endoplasms
  3 giant cockroaches
  6 goblins
  7 hobgoblins
  5 jackals (D:10)
  25 kobolds
  7 quokkas
  3 ball pythons
  13 bats
  6 frilled lizards
  3 rats
  A bush (D:7)
293 creatures vanquished.

Vanquished Creatures (others)
  A bat (D:10)
  A bush (D:7)
  67 foxfires
  9 plants (D:7)
78 creatures vanquished.

Grand Total: 371 creatures vanquished

Notes
Turn   | Place    | Note
-------+----------+-------------------------------------------
     0 | D:1      | GloriousHammer the Ogre Cinder Acolyte began the quest for
                  | the Orb.
     0 | D:1      | Reached XP level 1. HP: 24/24 MP: 2/2
   365 | D:1      | Reached XP level 2. HP: 32/32 MP: 2/4
  1119 | D:1      | Reached XP level 3. HP: 38/40 MP: 5/5
  1143 | D:1      | Learned a level 2 spell: Scorch
  1827 | D:2      | You fall into a shaft and drop 1 floor!
  2498 | D:2      | Reached XP level 4. HP: 25/49 MP: 2/7
  3130 | D:2      | Found a runed translucent door.
  3131 | D:2      | Noticed Crazy Yiuf
  3389 | D:2      | Killed Crazy Yiuf
  3644 | D:3      | Found a faded altar of an unknown god.
  3672 | D:3      | Reached skill level 5 in Fighting
  3672 | D:3      | Reached XP level 5. HP: 55/57 MP: 2/9
  3757 | D:3      | Noticed Ijyb
  3763 | D:3      | Killed Ijyb
  4125 | D:3      | Noticed Natasha
  4153 | D:3      | Killed Natasha
  4154 | D:3      | Reached XP level 6. HP: 20/66 MP: 4/10
  4171 | D:3      | Noticed Natasha
  4173 | D:3      | Killed Natasha
  4491 | D:3      | Noticed Natasha
  4497 | D:3      | Killed Natasha
  5371 | D:4      | Reached skill level 6 in Fighting
  5466 | D:4      | Reached XP level 7. HP: 75/75 MP: 1/12
  5606 | D:4      | Reached skill level 1 in Armour
  5784 | D:5      | Entered Level 5 of the Dungeon
  6127 | D:5      | Noticed Sigmund
  6140 | D:5      | Killed Sigmund
  6147 | D:5      | Reached skill level 7 in Fighting
  6147 | D:5      | Reached XP level 8. HP: 69/87 MP: 3/13
  6313 | D:5      | Reached skill level 5 in Fire Magic
  6321 | D:5      | Reached skill level 5 in Maces & Flails
  6647 | D:5      | Found a bloodstained altar of Trog.
  6853 | D:6      | Found a staircase to the Ecumenical Temple.
  6872 | Temple   | Entered the Ecumenical Temple
  7361 | D:6      | Found a shadowy altar of Dithmenos.
  7604 | D:6      | Found a burning altar of Makhleb.
  7905 | D:6      | Noticed Edmund
  7913 | D:6      | Killed Edmund
  8329 | D:7      | Reached skill level 8 in Fighting
  8425 | D:7      | Reached skill level 1 in Throwing
  8426 | D:7      | Reached XP level 9. HP: 21/96 MP: 5/14
  9116 | D:7      | Found a blossoming altar of Fedhas.
 10001 | D:8      | Reached skill level 9 in Fighting
 10038 | D:8      | Found a flagged portal.
 10066 | Bailey   | Entered a bailey
 10433 | Bailey   | Reached XP level 10. HP: 64/107 MP: 9/15
 10442 | Bailey   | Found an iron altar of Okawaru.
 10715 | D:8      | Noticed Erica
 10723 | D:8      | Killed Erica
 10724 | D:8      | Reached skill level 5 in Armour
 10842 | D:8      | Reached skill level 5 in Throwing
 11269 | D:8      | Found a white marble altar of Elyvilon.
 11271 | D:8      | Found a radiant altar of Vehumet.
 11476 | D:9      | Noticed a two-headed ogre
 11482 | D:9      | Killed a two-headed ogre
 12004 | D:9      | Found a staircase to the Orcish Mines.
 12015 | D:9      | Reached XP level 11. HP: 113/117 MP: 7/16
 12063 | D:9      | Found a hazy altar of Hepliaklqana.
 12804 | D:10     | Entered Level 10 of the Dungeon
 12821 | D:9      | Reached skill level 10 in Fighting
 15379 | D:11     | Noticed a cyclops
 15396 | D:11     | Slain by a cyclops

Illustrated notes

Levels and vault maps discovered:
D:1:      minmay_arrival_checkered_box, layout_loops_corners, nrook_campfire,
          st_stairs_5, chequers_avenue, nrook_mini_backslash
D:2:      layout_loops_ring, uniq_crazy_yiuf_cottage
D:3:      layout_loops_corners, basic_ecumenical_altar, uniq_natasha, uniq_ijyb
D:4:      layout_rooms
D:5:      layout_rooms, serial_curves, eino_curves_03, eino_curves_04,
          amcnicky_mini_corridor_feature, minmay_ruined_shrine, uniq_sigmund
D:6:      layout_gridville, mainiacjoe_overflow_surrounded_room,
          makhleb_blood_cavern_becter, minmay_temple_entry_mist, uniq_edmund
D:7:      layout_basic, fedhas_altar_decomposition
D:8:      layout_rooms, minitemple, enter_bailey_6, uniq_erica
D:9:      layout_loops_ring, mainiacjoe_overflow_concentric_impassable,
          david_orc_2
D:10:     layout_big_octagon, serial_gnoll_camp, gnoll_camp_huts_moat,
          gnoll_camp_medium_01, gnoll_camp_medium_02, gnoll_camp_mini_loothouse,
          gnoll_camp_mini_house, roderic_batcave
D:11:     layout_long_grid, hellmonk_lair_entry_icy,
          portal_ice_cave_entry_ice_simulacra, special_room [special_room_orc],
          uniq_lodul
Temple:   nicolae_temple_slightly_damp_pantheon

Skill      XL: |  1  2  3  4  5  6  7  8  9 10 11 |
---------------+----------------------------------+-----
Fire Magic     | 3 4 5 6 7 |  7.4
Maces & Flails | 3 4 5 6 7 8 |  8.5
Spellcasting   | 2 3 |  3.5
Fighting       | 5 6 7 8 9 10 | 10.6
Armour         | 2 3 4 6 |  6.6
Throwing       | 1 3 5 6 |  6.9

Action                     |  1- 3 |  4- 6 |  7- 9 | 10-12 || total
---------------------------+-------+-------+-------+-------++-------
  Melee: Mace              |   113 |    26 |       |       ||   139
         Punch             |       |     1 |     2 |       ||     3
         Whip              |       |     9 |   157 |   187 ||   353
   Fire: Sling             |    42 |    22 |       |       ||    64
  Throw: Stone             |     1 |       |       |       ||     1
         Dart              |       |     2 |     2 |       ||     4
         Large rock        |       |       |     4 |     3 ||     7
   Cast: Scorch            |    22 |    45 |    84 |   197 ||   348
 Invoke: Fiery Armour      |       |     1 |     4 |     1 ||     6
         Foxfire Swarm     |       |       |     2 |     2 ||     4
    Use: Scroll            |       |     1 |     9 |     5 ||    15
 Armour: Robe              |    67 |    21 |       |       ||    88
         Fire dragon scale |       |     4 |   101 |   135 ||   240
  Dodge: Dodged            |    80 |    14 |    79 |   188 ||   361

Table legend: (Time is in decaauts)
 A = Elapsed time spent in this place.
 B = Non-inter-level travel time spent in this place.
 C = Inter-level travel time spent in this place.
 D = Time resting spent in this place.
 E = Time spent auto-exploring this place.
 F = Levels seen in this place.
 G = Mean time per level.
                   A        B        C        D        E       F      G
               +--------+--------+--------+--------+--------+-----+--------+
         Total |  15373 |  14922 |    451 |   5911 |   6565 |  13 | 1182.5 |
       Dungeon |  14775 |  14343 |    432 |   5700 |   6405 |  11 | 1343.2 |
        Temple |    195 |    176 |     19 |      0 |    160 |   1 |  195.0 |
        Bailey |    402 |    402 |      0 |    211 |      0 |   1 |  402.0 |
               +--------+--------+--------+--------+--------+-----+--------+

Top non-repeatable levels by time:
     D:9: 1979 daAuts
    D:10: 1964 daAuts
     D:7: 1849 daAuts
     D:3: 1832 daAuts
     D:2: 1743 daAuts
     D:1: 1497 daAuts
     D:6: 1077 daAuts
     D:5: 1052 daAuts
     D:8: 1005 daAuts
     D:4: 760 daAuts
  Bailey: 402 daAuts
  Temple: 195 daAuts
    D:11: 13 daAuts
